 Dungeon Crawl Stone Soup version 0.31-a0-237-g2d982f9f85 (webtiles) character file.

Game seed: 2312540897580382323

77 qw the Shooter (level 4, -3/36 HPs)
             Began as a Minotaur Hexslinger on July 11, 2023.
             Slain by Terence
             ... wielding a +3 short sword of speed
              (10 damage)
             ... on level 2 of the Dungeon.
             The game lasted 00:00:28 (1221 turns).

qw the Shooter (Minotaur Hexslinger)                Turns: 1221, Time: 00:00:28

Health: -3/36      AC:  3    Str: 13    XL:     4   Next: 13%
Magic:  4/4        EV: 12    Int: 10    God:
Gold:   55         SH:  0    Dex: 14    Spells: 4/5 levels left

rFire   . . .        Y - +4 sling
rCold   . . .        (no shield)
rNeg    . . .        h - +0 leather armour
rPois   .            (helmet restricted)
rElec   .            (no cloak)
rCorr   .            (no gloves)
SInv    .            (no boots)
Will    .....        (no amulet)
Stlth   +            (no ring)
HPRegen 0.26/turn    (no ring)
MPRegen 0.09/turn

%: no passive effects
@: no status effects
A: horns 2, retaliatory headbutt
a: no special abilities


You were on level 2 of the Dungeon.
You visited 1 branch of the dungeon, and saw 2 of its levels.

You collected 55 gold pieces.


Innate Abilities, Weirdness & Mutations

You have a pair of horns on your head.
You reflexively headbutt those who attack you in melee.


   Skills:
 - Level 2.0 Fighting
 + Level 4.7 Ranged Weapons
 - Level 2.1 Dodging
 - Level 1.0 Spellcasting
 - Level 2.0 Hexes


You had 4 spell levels left.
You knew the following spells:

 Your Spells              Type           Power      Damage    Failure   Level
a - Slow                  Hex            16%        N/A       19%         1

Your spell library contained the following spells:

 Spells                   Type           Power      Damage    Failure   Level
 Inner Flame              Hex/Fire       2%         N/A       65%         3
 Portal Projectile        Hex/Tloc       4%         N/A       65%         3
 Cause Fear               Hex            2%         N/A       88%         4

Inventory:

Hand Weapons
 Y - a +4 sling (weapon)
Armour
 h - a +0 leather armour (worn)
Scrolls
 a - a scroll of vulnerability {unknown}
Potions
 b - a potion of cancellation {unknown}
 c - 2 potions of haste {unknown}
 d - a potion of ambrosia {unknown}

Dungeon Overview and Level Annotations

Branches:
Dungeon (2/15)

Altars:

Annotations:
D:2 Terence


Message History

You kill the hobgoblin!
Terence the Incautious comes into view.
He is wielding a +3 short sword of speed.
Enter note:
Enter note:
Enter note:
Enter note: You shoot a sling bullet.
Terence shouts!
The sling bullet hits Terence but does no damage.
You shoot a sling bullet.
The sling bullet hits Terence but does no damage.
You shoot a sling bullet. The sling bullet hits Terence.
Terence is lightly wounded.
You shoot a sling bullet.
The sling bullet hits Terence but does no damage.
Terence is lightly wounded.
You shoot a sling bullet. The sling bullet hits Terence.
Terence is moderately wounded.
Terence hits you with a +3 short sword of speed.
Terence barely misses you.
You shoot a sling bullet. The sling bullet hits Terence.
Terence is heavily wounded.
Terence barely misses you.
Terence hits you with a +3 short sword of speed.
You shoot a sling bullet.
The sling bullet closely misses Terence.
Terence hits you with a +3 short sword of speed!
Terence hits you with a +3 short sword of speed.
You shoot a sling bullet. The sling bullet barely misses Terence.
Terence hits you with a +3 short sword of speed.
You shoot a sling bullet. The sling bullet hits Terence.
Terence is heavily wounded.
Terence hits you with a +3 short sword of speed.
Terence barely misses you.
You shoot a sling bullet. The sling bullet hits Terence.
Terence is severely wounded.
Terence hits you with a +3 short sword of speed. x2
You shoot a sling bullet. The sling bullet barely misses Terence.
Terence hits you with a +3 short sword of speed!
You die...

#......>###..#
.........##..#
#.........#..#####
...........)....#
.........#..###.#
#.#.#...##..# #.# #
##.###..# #.#
#.#...##..###.####.#
#..@...............#
##@#..#######.######
#.###.........# ..#
##.######.### ..#
#....>......# ...#
.#######.#..#### ##.
#...###........ # #
...........[### #
#...#.##...<...


You could see Terence.

Vanquished Creatures
  4 gnolls
  An adder (D:1)
  A dart slug (D:2)
  4 endoplasms
  4 goblins
  4 hobgoblins
  A kobold (D:2)
  3 ball pythons
  7 rats
29 creatures vanquished.

Notes
Turn   | Place    | Note
-------+----------+-------------------------------------------
     0 | D:1      | qw the Minotaur Hexslinger began the quest for the Orb.
     0 | D:1      | Reached XP level 1. HP: 16/16 MP: 1/1
     0 | D:1      | 0 ||| qw: Version: 0.3-a-52-g30416fa
     0 | D:1      | 0 ||| qw: Game counter: 5789
     0 | D:1      | 0 ||| qw: Melee chars always use a shield: true
     0 | D:1      | 0 ||| qw: God list: Okawaru
     0 | D:1      | 0 ||| qw: Allow faded altars: false
     0 | D:1      | 0 ||| qw: Do Orc after clearing Dungeon:15 true
     0 | D:1      | 0 ||| qw: Do second Lair branch before Depths: true
     0 | D:1      | 0 ||| qw: Lair rune preference: random
     0 | D:1      | 0 ||| qw: Goals: Normal
     0 | D:1      | 0 ||| PLANNING D:1-11
    39 | D:1      | Reached skill level 3 in Ranged Weapons
    39 | D:1      | Reached XP level 2. HP: 18/23 MP: 2/2
   118 | D:1      | Found a faded altar of an unknown god.
   679 | D:1      | 679 ||| UPGRADING to +0 leather armour.
   689 | D:1      | 689 ||| DROPPING +0 robe.
   690 | D:1      | 690 ||| READING scroll labelled QECRIS WUHOAPT.
   691 | D:1      | 691 ||| READING scroll labelled PAMAEC GEHYRGH.
   733 | D:1      | 733 ||| READING scroll labelled DINKYE OMEIJ.
   734 | D:1      | 734 ||| READING 3 scrolls labelled ODOOM VAE.
   735 | D:1      | 735 ||| READING 2 scrolls of enchant weapon.
   735 | D:1      | 735 ||| ENCHANTING +2 sling.
   736 | D:1      | 736 ||| READING scroll of enchant weapon.
   736 | D:1      | 736 ||| ENCHANTING +3 sling.
   737 | D:1      | 737 ||| READING scroll labelled TINGOAMIMO.
   740 | D:1      | 740 ||| DROPPING scroll of poison.
   754 | D:2      | 754 ||| STAIRDANCE
   757 | D:1      | Reached XP level 3. HP: 20/29 MP: 3/3
   798 | D:2      | 798 ||| STAIRDANCE
   967 | D:2      | 967 ||| FLEEEEING.
   977 | D:2      | Reached skill level 4 in Ranged Weapons
  1043 | D:2      | HP: 6/29 [gnoll/+0 club (7)]
  1049 | D:2      | Reached XP level 4. HP: 4/36 MP: 4/4
  1210 | D:2      | Noticed Terence
  1220 | D:2      | HP: 7/36 [Terence/+3 short sword of speed (4)]
  1221 | D:2      | Slain by Terence

Levels and vault maps discovered:
D:1:      lemuel_arrival_funnel, layout_basic,
          dreamdust_ecumenical_altar_statues
D:2:      layout_loops_ring, chequers_arboretum, uniq_terence

Skill      XL: |  1  2  3 |
---------------+----------+-----
Ranged Weapons | 3 4 |  4.7
Fighting       | 2 |  2.0
Dodging        | |  2.1
Spellcasting   | |  1.0
Hexes          | |  2.0

Action                     |  1- 3 |  4- 6 || total
---------------------------+-------+-------++-------
   Fire: Sling             |    75 |    16 ||    91
    Use: Scroll            |     7 |       ||     7
 Armour: Robe              |     1 |       ||     1
         Leather armour    |     6 |       ||     6
  Dodge: Dodged            |    24 |     3 ||    27

Table legend:
 A = Non-vault XP
 B = Vault XP
 C = Vault XP percentage of total XP
 D = Non-vault monster count
 E = Vault monster count
 F = Vault count percentage of total count
                 A         B        C        D         E       F
            +---------+---------+-------+---------+---------+-------
      Total |     110 |       0 |   0.0 |      29 |       0 |   0.0
            +---------+---------+-------+---------+---------+-------
        D:1 |      51 |       0 |   0.0 |      18 |       0 |   0.0
        D:2 |      59 |       0 |   0.0 |      11 |       0 |   0.0
            +---------+---------+-------+---------+---------+-------
